 Dungeon Crawl Stone Soup version 0.13.2 (webtiles) character file.

654 t04st the Ducker (level 7, 70/70 HPs)
             Began as a Troll Berserker on Mar 9, 2017.
             Was a Believer of Trog.
             Starved to death
             ... on Level 6 of the Dungeon.
             The game lasted 00:07:51 (1393 turns).

t04st the Ducker (Troll Berserker)                  Turns: 1393, Time: 00:07:52

HP  70/70        AC  5     Str 28      XL: 7   Next: 14%
MP   2/2         EV 11     Int  3      God: Trog [**....]
Gold 69          SH  0     Dex  9      Spells:  0 memorised,  6 levels left

Res.Fire  : x . .   See Invis. : .     - Unarmed
Res.Cold  : + . .   Warding    : .   b - +0 animal skin
Life Prot.: . . .   Conserve   : .   (shield restricted)
Res.Poison: .       Res.Corr.  : .   (helmet restricted)
Res.Elec. : .       Clarity    : .   (no cloak)
Sust.Abil.: . .     Spirit.Shd : .   (gloves unavailable)
Res.Mut.  : .       Stasis     : .   (boots unavailable)
Res.Rott. : .       Flight     : .   (no amulet)
Gourmand  : +                        (no ring)
                                     e - ring of ice

@: slightly resistant to hostile enchantments, very unstealthy
A: unfitting armour, antennae 1, claws 3, fast metabolism 3, gourmand,
regeneration 2, saprovore 2, tough skin 2, AC +1
a: Burn Spellbooks, Berserk, Trog's Hand, Renounce Religion


You were on level 6 of the Dungeon.
You worshipped Trog.
Trog was pleased with you.
You were starving.

You visited 1 branch of the dungeon, and saw 6 of its levels.

You collected 49 gold pieces.

Inventory:

Armour
 b - a +0 animal skin (worn)
Magical devices
 h - a wand of fire (0)
 k - a wand of paralysis (12) {unknown}
 m - a wand of cold (10) {unknown}
Comestibles
 a - 3 meat rations
 d - 2 bread rations
 f - 12 grapes
Scrolls
 c - 2 scrolls of identify
 j - a scroll of random uselessness
 l - 2 scrolls of fear
 o - a scroll of enchant armour {unknown}
Jewellery
 e - a ring of ice (left claw)
Potions
 g - 4 potions of heal wounds
 i - a potion of mutation {unknown}
 n - a potion of speed {unknown}


   Skills:
 + Level 3.6 Fighting
 + Level 5.2 Dodging
 + Level 0.1 Stealth
 + Level 5.0 Unarmed Combat
 + Level 0.5 Evocations


You had 6 spell levels left.
You didn't know any spells.

Dungeon Overview and Level Annotations

Branches:
Dungeon (6/27)             Temple (0/1) D:6
    Orc: D:6-11

Altars:
Fedhas


Innate Abilities, Weirdness & Mutations

You are too large for most types of armour.
You have claws for hands.
Your metabolism is lightning-fast.
You like to eat raw meat.
You heal very quickly.
You can eat rotten meat.
You are covered in fur (AC +1).
You have very tough skin (AC +2).
You have a pair of small antennae on your head.


Message History

You closely miss the crimson imp.
The crimson imp is moderately wounded.
The crimson imp hits you but does no damage.
You completely miss the crimson imp.
The crimson imp is lightly wounded.
The crimson imp hits you.
You claw the crimson imp!
The crimson imp is severely wounded.
The crimson imp shouts, "Turn tail, thou feckless doghearted vassal!"
The crimson imp hits you but does no damage.
You hit the crimson imp.
You kill the crimson imp!
Trog accepts your kill.
Your Unarmed Combat skill increases to level 5!
Found a stone staircase leading up.
You open the door.
There is an open door here.
You see here a club.
You have starved to death.
You die...

#.... ....>...#
#....#######..#.#...
+............#...#.# #....
#..........# #.... #......#
....####....#.#
#####........#.#######.#
....'..............>.....
#####....###)...@......#
#....# #.............
#....# #...#.....#.# #..
#....# #...##.#..# # #. ...
#....# #.........#.# .. ...
#....###...##.##.#.#.#..#.#
######.............#.#..#(#
#.###.#####.#.#.......
#.#.......f.....#..#.###


There were no monsters in sight!

Vanquished Creatures
  Menkaure (D:4)
  A centaur (D:5)
  A phantom (D:5)
  2 crimson imps
  A centaur zombie (D:5)
  A giant frog skeleton (D:6)
  A jelly (D:5)
  A worker ant (D:4)
  An ogre skeleton (D:6)
  3 gnolls (D:5)
  2 adders
  A giant mite (D:3)
  2 worms
  2 giant geckos
  A giant cockroach (D:1)
  3 goblins (D:4)
  3 hobgoblins
  4 kobolds
  3 quokkas
  5 bats
  2 giant newts
  An orc skeleton (D:3)
  An orc zombie (D:5)
  12 rats
55 creatures vanquished.

Notes
Turn   | Place    | Note
--------------------------------------------------------------
     0 | D:1      | t04st, the Troll Berserker, began the quest for the Orb.
     0 | D:1      | Reached XP level 1. HP: 23/23 MP: 0/0
   157 | D:2      | Reached XP level 2. HP: 31/31 MP: 0/0
   308 | D:3      | Reached XP level 3. HP: 35/39 MP: 1/1
   402 | D:4      | Noticed Menkaure
   407 | D:4      | Killed Menkaure
   407 | D:4      | Reached skill level 4 in Unarmed Combat
   407 | D:4      | Reached XP level 4. HP: 41/46 MP: 1/1
   407 | D:4      | Reached XP level 5. HP: 46/53 MP: 1/1
   487 | D:4      | Acquired Trog's second power
   756 | D:5      | Entered Level 5 of the Dungeon
   887 | D:5      | Noticed a centaur
   888 | D:5      | Noticed a phantom
   890 | D:5      | Reached XP level 6. HP: 34/62 MP: 2/2
   912 | D:5      | Killed a centaur
   933 | D:5      | Killed a phantom
   968 | D:5      | Reached skill level 5 in Dodging
  1116 | D:5      | Gained mutation: You have a pair of small antennae on your head. [potion of beneficial mutation]
  1183 | D:6      | Reached XP level 7. HP: 58/70 MP: 2/2
  1189 | D:6      | Found a blossoming altar of Fedhas.
  1261 | D:6      | Found a staircase to the Ecumenical Temple.
  1357 | D:6      | Reached skill level 5 in Unarmed Combat
  1393 | D:6      | Starved to death

Action                   |  1- 3 |  4- 6 |  7- 9 || total
-------------------------+-------+-------+-------++-------
Melee: Unarmed           |    60 |    85 |    19 ||   164
Invok: Berserk           |     1 |     1 |       ||     2
Evoke: Wand              |       |     4 |       ||     4
  Use: Scroll            |       |     6 |       ||     6
       Potion            |       |     3 |       ||     3
